 Dungeon Crawl Stone Soup version 0.31-a0-981-geadf994542 (webtiles) character file.

Game seed: 4772734226191255718

616 sokol815 the Spear-Bearer (level 7, 0/46 HPs)
             Began as an Octopode Fighter on Nov 1, 2023.
             Slain by an orc wizard
             ... wielding a +0 dagger
              (4 damage)
             ... on level 5 of the Dungeon.
             The game lasted 00:05:43 (3935 turns).

sokol815 the Spear-Bearer (Octopode Fighter)        Turns: 3935, Time: 00:05:44

Health: 0/46       AC:  1    Str: 16    XL:     7   Next: 45%
Magic:  7/7        EV: 18    Int: 12    God:
Gold:   226        SH:  4    Dex: 13    Spells: 6/6 levels left

rFire   + . .        a - +0 trident
rCold   + + .        b - +0 buckler
rNeg    . . .        (helmet restricted)
rPois   +            (no amulet)
rElec   +            C - ring of protection from cold {rC+, !d}
rCorr   +            m - ring of Suspected Treachery {rPois EV+5 Int+2}
SInv    .            (no ring)
Will    .....        (no ring)
Stlth   ++           (no ring)
HPRegen 0.27/turn    (no ring)
MPRegen 0.10/turn    (no ring)
                     (no ring)

%: no passive effects
@: brilliant, resistant
A: almost no armour, amphibious, 8 rings, camouflage 1, gelatinous body 1,
(nimble swimmer 1), tentacles
a: no special abilities


You were on level 5 of the Dungeon.
You visited 1 branch of the dungeon, and saw 5 of its levels.

You collected 226 gold pieces.

Inventory:

Hand Weapons
 a - a +0 trident (weapon)
 g - a +1 dagger of freezing
   (You took it off a goblin on level 2 of the Dungeon)
 h - a +1 dagger of holy wrath
   (You took it off a goblin on level 2 of the Dungeon)
 p - a +3 hand axe
   (You took it off an orc on level 4 of the Dungeon)
 q - a +0 trident
   (You took it off an orc on level 4 of the Dungeon)
Missiles
 s - 44 stones
Armour
 b - a +0 buckler (worn)
Jewellery
 m - the ring of Suspected Treachery (right tentacle) {rPois EV+5 Int+2}
   (You found it on level 3 of the Dungeon)

   [ring of evasion]

   EV+5:      It affects your evasion (+5).
   Int+2:     It affects your intelligence (+2).
   rPois:     It protects you from poison
 C - a ring of protection from cold (left tentacle) {rC+, !d}
   (You found it on level 4 of the Dungeon)
Scrolls
 f - a scroll of torment {unknown}
 i - a scroll of vulnerability {unknown}
 k - a scroll of silence {unknown}
 l - a scroll of fog {unknown}
 K - a scroll of immolation {!r}
 Y - a scroll of teleportation {@r3}
Potions
 e - a potion of curing {unknown}
 o - a potion of attraction {unknown}
 t - a potion of enlightenment {unknown}
 H - 3 potions of haste
 I - 2 potions of invisibility
 M - 2 potions of might


   Skills:
 - Level 3.0 Fighting
 + Level 8.1 Polearms
 - Level 3.0 Dodging
 - Level 3.0 Shields


You had 6 spell levels left.
You didn't know any spells.
Your spell library contained the following spells:

 Spells                   Type           Power      Damage    Failure   Level
 Sandblast                Erth           0%         2d4       38%         1
 Passwall                 Tmut/Erth      0%         N/A       54%         2
 Ignite Poison            Fire/Tmut/Pois 0%         N/A       77%         3
 Stone Arrow              Conj/Erth      0%         3d7       77%         3
 Brom's Barrelling Bould  Conj/Erth      0%         2d3       99%         4
 Sticky Flame             Conj/Fire      0%         2d3       99%         4
 Ignition                 Fire           0%         3d3       100%        8


Dungeon Overview and Level Annotations

Branches:
Dungeon (5/15) Zot: 26052
 Temple: D:4-7

Altars:
Dithmenos
Hepliaklqana
Okawaru
Wu Jian
Jiyva

Annotations:
D:1 2 runed translucent doors, exclusion: jelly
D:2 exclusion: scorpion
D:4 Dowan, Duvessa


Innate Abilities, Weirdness & Mutations

You cannot wear most types of armour.
You are amphibious.
You can wear up to eight rings at the same time.
Your skin changes colour to match your surroundings (Stealth+).
Your rubbery body absorbs attacks. (AC +1, EV +1)
((You are camouflaged when in or above water. (Stealth+)))
You have tentacles for arms and can constrict up to eight enemies at once.


Message History

An orc opens the door.
An orc comes into view. It is wielding a +0 flail.
The scorpion barely misses you.
The orc shouts!
An orc and 2 orc wizards come into view.
You closely miss the scorpion. Your grab misses the scorpion.
The scorpion misses you.
You barely miss the scorpion. You grab the scorpion.
You constrict the scorpion.
The scorpion stings you but does no damage.
You block the orc's attack.
The orc wizard casts a spell.
The orc wizard flickers and vanishes!
Deactivating autopickup; reactivate with Ctrl-A.
You hit the scorpion but do no damage. You constrict the scorpion.
The scorpion completely misses you. The orc hits you with a +0 mace.
The scorpion stings you.
You take 8 damage, and have 32/46 hp.
You hit the scorpion but do no damage. Your squeeze misses the scorpion.
You constrict the scorpion. The orc hits you with a +0 mace.
The orc wizard gestures wildly while chanting.
The orc wizard flickers and vanishes!
You block the scorpion's attack.
You take 5 damage, and have 27/46 hp.
You are too injured to fight recklessly!
You are too injured to fight recklessly!
You are too injured to fight recklessly!
You release your grip on the scorpion.
There is an open door here.
A puff of flame appears from out of thin air!
The puff of flame misses you.
You swing at nothing.
A magic dart appears from out of thin air!
The magic dart hits you.
You take 6 damage, and have 23/46 hp.
You swing at nothing.
You swing at nothing.
You miss something. Something hits you.
You take 1 damage, and have 23/46 hp.
You hit something. Your squeeze misses something.
You hear some strange, mumbled words.
A magic dart appears from out of thin air!
The magic dart hits you.
You take 3 damage, and have 20/46 hp.
You closely miss something. Your squeeze misses something. Something hits you.
You take 2 damage, and have 18/46 hp.
You miss something. Something hits you.
You hear some strange, mumbled words.
You take 2 damage, and have 16/46 hp.
You closely miss something. Something hits you.
* * * LOW HITPOINT WARNING * * *
You take 5 damage, and have 11/46 hp.
You miss something. You hit something.
Reactivating autopickup.
You feel a bit more experienced.
You barely miss the orc. You grab the orc.
You constrict the orc, but do no damage.
An orc wizard appears from thin air!
The orc misses you.
You hit the orc.
You constrict the orc, but do no damage.
The orc closely misses you.
You puncture the orc!
You kill the orc!
You hit the scorpion. You grab the scorpion. Your squeeze misses the scorpion.
You constrict the scorpion. You block the scorpion's attack.
The orc wizard mumbles some strange words.
The orc wizard flickers and vanishes!
Deactivating autopickup; reactivate with Ctrl-A.
You hit the scorpion.
You kill the scorpion!
The orc throws a boomerang.
The boomerang completely misses you.
Your Polearms skill increases to level 8!
You hit something. Your squeeze misses something.
The orc throws a boomerang.
The boomerang completely misses you. Something closely misses you.
You barely miss something.
The orc throws a boomerang.
Something hits you.
* * * LOW HITPOINT WARNING * * *
You take 2 damage, and have 11/46 hp.
You miss something.
Your tentacle-slap misses something.
Your squeeze misses something. Something hits you.
* * * LOW HITPOINT WARNING * * *
You take 2 damage, and have 9/46 hp.
You puncture something! You completely miss something. Something hits you.
* * * LOW HITPOINT WARNING * * *
You take 1 damage, and have 8/46 hp.
You miss something.
Your tentacle-slap misses something.
Something hits you.
* * * LOW HITPOINT WARNING * * *
You take 1 damage, and have 7/46 hp.
You hit something but do no damage. Your squeeze misses something.
Something hits you.
* * * LOW HITPOINT WARNING * * *
You take 3 damage, and have 4/46 hp.
It was a potion of resistance.
You feel protected.
The orc throws a boomerang.
You block the boomerang. Something hits you but does no damage.
It was a potion of brilliance.
You feel clever all of a sudden. Something hits you.
You die...

............>....##
##......#####.....#
###...## #.####.#
##.## #.#
#########.##
#........# ###
#######..####.## ##
#...##...###o..#+
#####..@)o...'.....+
#...>..##o..#'#...##
#####.####.##.# ##
#.# ### .. #.# ...
#.# ...+ #.# ...#
#.. ..## ##


You could see 2 orcs.

Vanquished Creatures
  An ogre (D:5)
  A scorpion (D:5)
  3 killer bees (D:4)
  A hound (D:2)
  An orc priest (D:4)
  Natasha (thrice) (D:3)
  An iguana (D:5)
  An orc wizard (D:5)
  Robin (D:2)
  6 adders
  A worm (D:2)
  5 dart slugs
  4 orcs
  7 ball pythons
  6 endoplasms
  2 giant cockroaches
  17 goblins
  9 hobgoblins
  3 quokkas
  7 bats
  A frilled lizard (D:1)
  3 kobolds
  5 rats
89 creatures vanquished.

Notes
Turn   | Place    | Note
-------+----------+-------------------------------------------
     0 | D:1      | sokol815 the Octopode Fighter began the quest for the Orb.
     0 | D:1      | Reached XP level 1. HP: 16/16 MP: 1/1
    98 | D:1      | Found a large runed translucent door.
    98 | D:1      | Found a large runed translucent door.
   101 | D:1      | Noticed a jelly
   275 | D:1      | Reached XP level 2. HP: 18/21 MP: 2/2
   332 | D:1      | Reached skill level 3 in Polearms
   631 | D:1      | Reached XP level 3. HP: 26/26 MP: 3/3
   872 | D:1      | Found a viscous altar of Jiyva.
  1001 | D:2      | Reached skill level 4 in Polearms
  1001 | D:2      | Reached XP level 4. HP: 26/31 MP: 4/4
  1327 | D:2      | Noticed a scorpion
  1422 | D:2      | Noticed Robin
  1458 | D:2      | Killed Robin
  1459 | D:2      | Reached skill level 5 in Polearms
  1459 | D:2      | Reached XP level 5. HP: 25/36 MP: 5/5
  2510 | D:3      | Identified the ring of Suspected Treachery {rPois EV+5
                  | Int+2}
  2581 | D:3      | Noticed Natasha
  2588 | D:3      | Killed Natasha
  2653 | D:3      | Found a shadowy altar of Dithmenos.
  2655 | D:3      | Noticed Natasha
  2663 | D:3      | Killed Natasha
  2680 | D:3      | Noticed Natasha
  2684 | D:3      | Killed Natasha
  2685 | D:3      | Reached skill level 6 in Polearms
  2685 | D:3      | Reached XP level 6. HP: 41/42 MP: 6/6
  2995 | D:4      | Reached skill level 7 in Polearms
  3244 | D:4      | Noticed Duvessa
  3244 | D:4      | Noticed Dowan
  3293 | D:4      | Found a hazy altar of Hepliaklqana.
  3295 | D:4      | Found an iron altar of Okawaru.
  3484 | D:4      | Found an ornate altar of the Wu Jian Council.
  3762 | D:5      | Entered Level 5 of the Dungeon
  3796 | D:5      | Reached XP level 7. HP: 41/46 MP: 7/7
  3919 | D:5      | HP: 11/46 [something (5)]
  3927 | D:5      | Reached skill level 8 in Polearms
  3928 | D:5      | HP: 11/46 [something (2)]
  3933 | D:5      | HP: 4/46 [something (4)]
  3935 | D:5      | Slain by an orc wizard

Illustrated notes

Levels and vault maps discovered:
D:1:      erik_arrival_cave_to_civilisation [erik_arrival_cave_to_temple],
          layout_basic
D:2:      layout_basic, uniq_robin
D:3:      layout_basic, nicolae_dithmenos_the_darkroom, item_on_display_a,
          uniq_natasha
D:4:      layout_loops_ring, chequers_temple_overflow_statue_of_worship,
          nzn_wu_jian_council_hall, uniq_duvessa
D:5:      layout_loops_ring, doesnt_xom_only_xom, kennysheep_cluttered_room,
          nicolae_hexahallways, uniq_sigmund

Skill      XL: |  1  2  3  4  5  6  7 |
---------------+----------------------+-----
Polearms       | 3 4 5 6 7 8 |  8.1
Fighting       | |  3.0
Dodging        | |  3.0
Shields        | |  3.0

Action                     |  1- 3 |  4- 6 |  7- 9 || total
---------------------------+-------+-------+-------++-------
  Melee: Trident           |    34 |   158 |    27 ||   219
         Tentacles         |     2 |    21 |       ||    23
         Constrict         |     1 |    33 |     3 ||    37
         Punch             |       |     4 |       ||     4
    Use: Scroll            |       |     2 |     2 ||     4
         Potion            |       |       |     2 ||     2
   Stab: Sleeping          |     6 |    12 |     1 ||    19
         Distracted        |       |     1 |       ||     1
 Armour: Skin              |     7 |    31 |    18 ||    56
  Dodge: Dodged            |     7 |    66 |     9 ||    82
  Block: Buckler           |     2 |    21 |     4 ||    27

Table legend: (Time is in decaauts)
 A = Elapsed time spent in this place.
 B = Non-inter-level travel time spent in this place.
 C = Inter-level travel time spent in this place.
 D = Time resting spent in this place.
 E = Time spent auto-exploring this place.
 F = Levels seen in this place.
 G = Mean time per level.
                   A        B        C        D        E       F      G
               +--------+--------+--------+--------+--------+-----+--------+
         Total |   3946 |   3841 |    105 |    122 |   3168 |   5 |  789.2 |
       Dungeon |   3946 |   3841 |    105 |    122 |   3168 |   5 |  789.2 |
               +--------+--------+--------+--------+--------+-----+--------+

Top non-repeatable levels by time:
     D:2: 1221 daAuts
     D:4: 932 daAuts
     D:1: 910 daAuts
     D:3: 710 daAuts
     D:5: 171 daAuts

Levels and vault maps discovered:
D:1:      erik_arrival_cave_to_civilisation [erik_arrival_cave_to_temple],
          layout_basic
D:2:      layout_basic, uniq_robin
D:3:      layout_basic, nicolae_dithmenos_the_darkroom, item_on_display_a,
          uniq_natasha
D:4:      layout_loops_ring, chequers_temple_overflow_statue_of_worship,
          nzn_wu_jian_council_hall, uniq_duvessa
D:5:      layout_loops_ring, doesnt_xom_only_xom, kennysheep_cluttered_room,
          nicolae_hexahallways, uniq_sigmund

Table legend: (Time is in decaauts)
 A = Elapsed time spent in this place.
 B = Non-inter-level travel time spent in this place.
 C = Inter-level travel time spent in this place.
 D = Time resting spent in this place.
 E = Time spent auto-exploring this place.
 F = Levels seen in this place.
 G = Mean time per level.
                   A        B        C        D        E       F      G
               +--------+--------+--------+--------+--------+-----+--------+
         Total |   3946 |   3841 |    105 |    122 |   3168 |   5 |  789.2 |
       Dungeon |   3946 |   3841 |    105 |    122 |   3168 |   5 |  789.2 |
               +--------+--------+--------+--------+--------+-----+--------+

Top non-repeatable levels by time:
     D:2: 1221 daAuts
     D:4: 932 daAuts
     D:1: 910 daAuts
     D:3: 710 daAuts
     D:5: 171 daAuts

Table legend:
 A = Kills in this place as a percentage of kills in the entire game.
 B = Kills by you in this place as a percentage of kills by you in the entire game.
 C = Kills by friends in this place as a percentage of kills by friends in the entire game.
 D = Other kills in this place as a percentage of other kills in the entire game.
 E = Experience gained in this place as a percentage of experience gained in the entire game.
 F = Experience gained in this place divided by the number of levels of this place that you have seen.
                   A       B       C       D       E      F
               +-------+-------+-------+-------+-------+----------------------
         Total | 100.0 | 100.0 |   N/A |   N/A | 100.0 | 176.2
       Dungeon | 100.0 | 100.0 |   N/A |   N/A | 100.0 | 176.2
               +-------+-------+-------+-------+-------+----------------------
